 Dungeon Crawl Stone Soup version 0.19-a0-1337-g9bf5fb0 (webtiles) character file.

21051 IcyTea the Thaumaturge (level 12, 0/110 HPs)
             Began as a White Draconian Wizard on Sept 1, 2016.
             Was the Champion of Hepliaklqana.
             Slain by a torpor snail (13 damage)
             ... on level 5 of the Lair of Beasts.
             The game lasted 01:45:01 (16296 turns).

IcyTea the Thaumaturge (White Draconian Wizard)    Turns: 16296, Time: 01:45:01

Health: 0/110      AC: 13    Str:  8    XL:     12   Next: 50%
Magic:  27/27      EV: 16    Int: 25    God:    Hepliaklqana [******]
Gold:   741        SH:  5    Dex: 17    Spells: 10 memorised, 9 levels left

rFire  . . .     SeeInvis .     s - +6 long sword "Ced Baygh" {elec, Int+5}
rCold  + . .     Gourm    .     (armour unavailable)
rNeg   + . .     Faith    .     g - +0 buckler
rPois  .         Spirit   .     G - +2 hat
rElec  .         Dismiss  .     B - +0 cloak
rCorr  .         Reflect  .     u - +0 pair of gloves
MR     .....     Harm     .     y - +0 pair of boots
Stlth  +++.......               v - amulet of magic regeneration
                                L - ring of positive energy
                                K - ring of stealth

@: slowed, repel missiles, very slow
A: breathe frost, unfitting armour, antennae 1, hooves 1, agile 2, blink, cold
resistance 1, deterioration 1, robust 2, weak 1, no device heal 1, cold-blooded,
AC +8
a: Breathe Frost, Blink, Recall Ancestor, Ancestor Identity, Transference,
Idealise, Renounce Religion


You were on level 5 of the Lair of Beasts.
You worshipped Hepliaklqana.
Hepliaklqana was exalted by your worship.
You were not hungry.

You visited 4 branches of the dungeon, and saw 17 of its levels.
You also visited: Labyrinth.

You collected 1017 gold pieces.
You spent 276 gold pieces at shops.

Inventory:

Hand Weapons
 q - the +4 short sword of Rinom {flame, *Contam rElec rPois Int+5}
   (You took it off an orc priest on level 7 of the Dungeon)

   It has been specially enchanted to burn those struck by it, causing extra
   injury to most foes and up to half again as much damage against particularly
   susceptible opponents.
   It affects your intelligence (+5).
   It insulates you from electricity.
   It protects you from poison.
   It causes magical contamination when unequipped.
 s - the +6 long sword "Ced Baygh" (weapon) {elec, Int+5}
   (You bought it in a shop on level 4 of the Dungeon)

   Occasionally, upon striking a foe, it will discharge some electrical energy
   and cause terrible harm.
   It affects your intelligence (+5).
Armour
 g - a +0 buckler (worn)
 u - a +0 pair of gloves (worn)
 y - a +0 pair of boots (worn)
 B - a +0 cloak (worn)
 G - a +2 hat (worn)
Jewellery
 l - an uncursed ring of resist corrosion
 v - an amulet of magic regeneration (around neck)
 K - a ring of stealth (left hand)
 L - a ring of positive energy (right hand)
Wands
 n - a wand of heal wounds (6/9)
 p - a wand of iceblast (11/15)
 F - a wand of flame (27/48)
 J - a wand of lightning (4/15)
 N - a wand of disintegration (19/24)
Scrolls
 a - 2 scrolls of fear
 b - a scroll of recharging
 d - 5 scrolls of remove curse
 f - 5 scrolls of teleportation
 i - 8 scrolls of identify
 m - 4 scrolls of amnesia
 r - 2 scrolls of magic mapping
 t - 5 scrolls of blinking
 C - 2 scrolls of enchant weapon
 D - a scroll of brand weapon
Potions
 e - a potion of cancellation
 h - 3 potions of curing
 w - a potion of agility
 z - a potion of flight
 E - 2 potions of brilliance
 I - a potion of might
 O - a potion of degeneration {unknown}
 P - a potion of heal wounds
Books
 x - a book of Beasts

   Spells                             Type                      Level
   a - Summon Butterflies             Summoning                    1
   b - Call Canine Familiar           Summoning                    3
   c - Summon Ice Beast               Ice/Summoning                4
   d - Summon Mana Viper              Hexes/Summoning              5
   e - Summon Hydra                   Summoning                    7
 H - a book of the Sky

   Spells                             Type                      Level
   a - Summon Lightning Spire         Summoning/Air                4
   b - Airstrike                      Air                          4
   c - Silence                        Hexes/Air                    5
   d - Deflect Missiles               Charms/Air                   6
   e - Conjure Ball Lightning         Conjuration/Air              6
   f - Tornado                        Air                          9
Miscellaneous
 A - a lamp of fire
 T - a sack of spiders
Comestibles
 c - 7 bread rations
 j - 3 meat rations
 k - 2 slices of pizza
 o - a royal jelly
 M - 2 chunks of flesh


   Skills:
 + Level 7.1 Fighting
 - Level 10.0 Long Blades
 - Level 6.0 Dodging
 - Level 1.8 Stealth
 - Level 4.0 Shields
 - Level 11.0 Spellcasting
 - Level 6.2 Conjurations
 - Level 2.0 Charms
 - Level 3.0 Summonings
 - Level 1.2 Necromancy
 - Level 1.0 Translocations
 - Level 8.0 Ice Magic
 - Level 1.2 Air Magic
 - Level 2.1 Earth Magic
 - Level 1.1 Poison Magic


You had 9 spell levels left.
You knew the following spells:

 Your Spells              Type           Power        Failure   Level  Hunger
a - Stone Arrow           Conj/Erth      ####..       2%          3    None
b - Blink                 Tloc           N/A          6%          2    None
c - Summon Ice Beast      Ice/Summ       #####...     6%          4    None
d - Mephitic Cloud        Conj/Pois/Air  ####....     4%          3    None
e - Summon Butterflies    Summ           ####....     1%          1    None
f - Repel Missiles        Chrm/Air       ###...       4%          2    None
g - Regeneration          Chrm/Necr      ###.......   10%         3    None
h - Apportation           Tloc           ###.......   3%          1    None
i - Magic Dart            Conj           ####         1%          1    None
j - Summon Lightning Spi  Summ/Air       ###.....     21%         4    None


Dungeon Overview and Level Annotations

Branches:
Dungeon (9/15)             Temple (1/1) D:5            Lair (6/6) D:9
 Shoals (1/4) Lair:2        Snake (0/4) Lair:3
  Slime: Lair:5-6       Orc: D:9-12

Altars:
Ashenzari
Cheibriados
Dithmenos
Elyvilon
Fedhas
Gozag
Hepliaklqana
Kikubaaqudgha
Makhleb
Nemelex Xobeh
Okawaru
Qazlal
Ru
Sif Muna
Trog
Uskayaw
Vehumet
Xom
Yredelemnul
Zin
The Shining One

Shops:
D:4 (   D:9 [


Innate Abilities, Weirdness & Mutations

You can breathe waves of freezing cold.
You can buffet flying creatures when you breathe cold.
Your icy white scales are hard. (AC +8)
Your body does not fit into most forms of armour.
Your flesh is cold resistant. (rC+)
You are cold-blooded and may be slowed by cold attacks.
You have a pair of small antennae on your head.
You have large cloven feet.
You are very agile. (Dex +4)
You can translocate small distances at will.
Your body sometimes deteriorates upon taking damage.
You are very robust. (+20% HP)
You are weak. (Str -2)
Potions and wands are less effective at restoring your health.


Message History

There is a stone staircase leading up here.
You block the wolf's attack. x2; The rime drake bites you.
You climb upwards.
You feel an oppressive heat about you.
There is an entrance to a volcano on this level.
Hurry and find it before the entrance collapses!
You hear the quick rumble of a very distant avalanche of rocks.
The death yak gores you!!
* * * LOW HITPOINT WARNING * * *
The yak barely misses you. You block the torpor snail's attack.
Being near the torpor snail leaves you feeling lethargic.
The death yak barely misses you.
You riposte.
You hit the death yak.
There is a sudden explosion of sparks!
Your tail-slap misses the death yak.
The death yak is lightly wounded.
The death yak gores you!
* * * LOW HITPOINT WARNING * * *
The death yak misses you.
You riposte.
You hit the death yak. You tail-slap the death yak.
The death yak is lightly wounded.
The torpor snail bites you!
You die...

##* #.#* ##..#*##########
#....##.##.#...#
###.....=#.......###
###............(.....######
*#....)...Y.w........#..#.##
*,#.......h@Y.........#.....
*,#........Y####............
**###........Y.÷###.....>.....
**,#.............#.##..........
***,,.#.......##....#*##.........
**,,*.......÷###....####.........
,,,,,##....#.# #....#............
,,,,**######## ##................
***** ##Y..............


You could see 3 death yaks, a torpor snail, a yak and a wolf.

Vanquished Creatures
  A minotaur (Lab)
  A hydra (Lair:1)
  A death yak (Lair:5)
  4 spiny frogs
  2 komodo dragons
  8 blink frogs
  7 dream sheep (Lair:4)
  A snapping turtle (Lair:2)
  Sigmund (D:5)
  2 yaks (Lair:4)
  The ghost of silfa the Ducker, an amateur MiGl of Nemelex Xobeh (D:6)
  3 hogs (Lair:4)
  A steam dragon (D:9)
  5 hippogriffs
  12 water moccasins
  3 porcupines
  2 ice beasts (D:7)
  3 orc warriors
  A phantom (D:6)
  A black bear (D:8)
  A wasp (D:8)
  2 ogres
  A sky beast (D:7)
  9 wolves
  2 necrophages (D:8)
  A centaur (D:8)
  5 crocodiles
  A big kobold (D:9)
  Blork the orc (D:6)
  9 giant frogs
  A scorpion (D:4)
  Dowan (D:7)
  4 killer bees (D:9)
  An electric eel (Lair:2)
  4 crimson imps
  3 hounds
  3 jellies
  4 orc priests
  A giant frog skeleton (D:9)
  2 orc wizards
  2 centaur skeletons (D:7)
  13 iguanas
  Jessica (D:3)
  Terence (D:3)
  A hexer (Lab)
  4 worker ants
  2 hound skeletons
  A howler monkey zombie (D:8)
  A worker ant zombie (D:7)
  Robin (D:2)
  7 gnolls
  7 adders
  2 howler monkey skeletons
  13 river rats
  3 oozes
  An adder skeleton (D:4)
  3 worms
  2 dart slugs (D:1)
  2 giant geckos
  16 orcs
  A ball python (D:4)
  4 giant cockroaches
  11 goblins
  10 hobgoblins
  12 jackals
  4 quokkas
  7 bats
  A giant gecko skeleton (D:6)
  4 giant newts
  13 kobolds
  A quokka zombie (D:7)
  5 rats
  A plant (Lair:2)
273 creatures vanquished.

Vanquished Creatures (collateral kills)
  Gastronok (Lair:2)
  Kirke (Lair:4)
  A hydra (Lair:4)
  2 spiny frogs
  The ghost of Banto the Carver, a novice HESk of Okawaru (D:5)
  A rime drake (Lair:2)
  6 dream sheep (Lair:4)
  A yak (Lair:4)
  A water moccasin (Lair:2)
  Duvessa (D:7)
  2 ice beasts
  A necrophage (D:7)
  2 wolves
  2 crocodiles
  A giant frog (D:6)
  A hound (D:9)
  A quasit (D:7)
  An orc priest (D:8)
  2 orc wizards (D:7)
  An iguana (Lair:2)
  A hound skeleton (D:9)
  A worker ant zombie (D:5)
  A gnoll (D:8)
  A shadow imp (D:9)
  An adder skeleton (D:5)
  4 orcs
39 creatures vanquished.

Vanquished Creatures (others)
  10 hexers
  3 ancestors
  4 fungi
17 creatures vanquished.

Grand Total: 329 creatures vanquished

Notes
Turn   | Place    | Note
-------+----------+-------------------------------------------
     0 | D:1      | IcyTea the Draconian Wizard began the quest for the Orb.
     0 | D:1      | Reached XP level 1. HP: 14/14 MP: 4/4
   329 | D:1      | Reached XP level 2. HP: 14/20 MP: 0/6
   904 | D:1      | Learned a level 2 spell: Blink
   907 | D:1      | Learned a level 2 spell: Repel Missiles
  1330 | D:2      | Reached XP level 3. HP: 26/26 MP: 5/7
  1501 | D:2      | Noticed Robin
  2089 | D:2      | Killed Robin
  2089 | D:2      | Reached XP level 4. HP: 33/33 MP: 3/8
  2198 | D:2      | Found a sparkling altar of Nemelex Xobeh.
  2198 | D:2      | Found a shattered altar of Ashenzari.
  2286 | D:2      | Learned a level 3 spell: Mephitic Cloud
  2531 | D:2      | Reached skill level 1 in Air Magic
  2744 | D:3      | Reached skill level 1 in Poison Magic
  3282 | D:3      | Found an ancient bone altar of Kikubaaqudgha.
  3282 | D:3      | Found a shimmering altar of Xom.
  3473 | D:3      | Noticed Terence
  3476 | D:3      | Noticed Jessica
  3486 | D:3      | Killed Jessica
  3486 | D:3      | Reached XP level 5. HP: 38/38 MP: 0/10
  3501 | D:3      | Killed Terence
  3501 | D:3      | Reached skill level 4 in Spellcasting
  3676 | D:4      | Found a shadowy altar of Dithmenos.
  4261 | D:4      | Found Yfipaxt's Antique Weapon Shoppe.
  4691 | D:4      | Reached XP level 6. HP: 35/45 MP: 9/13
  4937 | D:5      | Entered Level 5 of the Dungeon
  4985 | D:4      | Bought a smoking long sword for 195 gold pieces
  4987 | D:4      | Identified the +6 long sword "Ced Baygh" {elec, Int+5} (You bought it in a shop on level 4 of the Dungeon)
  5020 | D:4      | Reached skill level 5 in Spellcasting
  5224 | D:5      | Noticed Sigmund
  5261 | D:5      | Killed Sigmund
  5372 | D:5      | Gained mutation: You are weak. (Str -2) [potion of mutation]
  5372 | D:5      | Gained mutation: You have large cloven feet. [potion of mutation]
  5372 | D:5      | Gained mutation: You are agile. (Dex +2) [potion of mutation]
  5373 | D:5      | Gained mutation: Your body sometimes deteriorates upon taking damage. [potion of mutation]
  5479 | D:5      | Your scales start taking on an icy white colour.
  5479 | D:5      | Reached XP level 7. HP: 50/50 MP: 10/14
  5479 | D:5      | Gained mutation: Your flesh is cold resistant. (rC+) [White Draconian growth]
  5542 | D:5      | Found a staircase to the Ecumenical Temple.
  5544 | D:5      | Found a shimmering altar of Xom.
  5551 | Temple   | Entered the Ecumenical Temple
  5586 | Temple   | Became a worshipper of Hepliaklqana
  5802 | D:5      | Noticed Banto's ghost (novice HESk)
  5805 | D:5      | Reached skill level 5 in Long Blades
  5843 | D:5      | Killed Banto's ghost
  6079 | D:5      | Reached XP level 8. HP: 52/52 MP: 5/15
  6119 | D:5      | Reached skill level 1 in Fighting
  6477 | D:6      | Noticed silfa's ghost (amateur MiGl)
  6494 | D:6      | Killed silfa's ghost
  6522 | D:6      | Noticed Blork the orc
  6527 | D:6      | Killed Blork the orc
  6634 | D:6      | Reached * piety under Hepliaklqana
  7181 | D:7      | Gained mutation: You are robust. (+10% HP) [mutagenic meat]
  7184 | D:7      | Gained mutation: You can translocate small distances at will. [mutagenic meat]
  7192 | D:7      | Noticed Duvessa
  7194 | D:7      | Noticed Dowan
  7226 | D:7      | Killed Dowan
  7226 | D:7      | Reached skill level 5 in Conjurations
  7226 | D:7      | Reached XP level 9. HP: 44/64 MP: 9/16
  7533 | D:7      | Killed Duvessa
  7975 | D:7      | Got a polished short sword {flame}
  7976 | D:7      | Identified the +4 short sword of Rinom {flame, *Contam rElec rPois Int+5} (You took it off an orc priest on level 7 of the Dungeon)
  7989 | D:7      | Identified a scroll of acquirement
  7994 | D:7      | Learned a level 1 spell: Summon Butterflies
  7999 | D:7      | Learned a level 4 spell: Summon Ice Beast
  8100 | D:8      | Reached skill level 1 in Ice Magic
  8101 | D:8      | Reached ** piety under Hepliaklqana
  8103 | D:8      | Remembered your ancestor Tiruin as a hexer
  8433 | D:8      | Gained mutation: You have a pair of small antennae on your head. [potion of beneficial mutation]
  8438 | D:8      | Gained mutation: You are very agile. (Dex +4) [potion of beneficial mutation]
  8439 | D:8      | Gained mutation: You are very robust. (+20% HP) [potion of beneficial mutation]
  9120 | D:9      | Found Diacro's Antique Armour Shop.
  9124 | D:9      | Bought a cloak for 81 gold pieces
  9132 | D:9      | Reached skill level 6 in Spellcasting
  9497 | D:9      | Reached *** piety under Hepliaklqana
  9640 | D:9      | Reached XP level 10. HP: 78/78 MP: 19/19
  9724 | D:9      | Found a radiant altar of Vehumet.
  9839 | D:9      | Reached skill level 7 in Spellcasting
  9968 | D:9      | Found a staircase to the Lair.
 10016 | Lair:1   | Entered Level 1 of the Lair of Beasts
 10165 | Lair:1   | Noticed an eight-headed hydra
 10182 | Lair:1   | Killed an eight-headed hydra
 10182 | Lair:1   | Reached skill level 5 in Dodging
 10188 | Lair:1   | Gained mutation: Potions and wands are less effective at restoring your health. [mutagenic glow]
 11018 | Lair:1   | Reached skill level 5 in Ice Magic
 11161 | Lair:2   | Reached **** piety under Hepliaklqana
 11173 | Lair:2   | Noticed Gastronok
 11195 | Lair:2   | Killed Gastronok
 11195 | Lair:2   | Reached XP level 11. HP: 32/92 MP: 16/21
 11530 | Lair:2   | Learned a level 3 spell: Regeneration
 11553 | Lair:2   | Reached skill level 1 in Charms
 11677 | Lair:2   | Learned a level 1 spell: Apportation
 11982 | Lair:2   | Found a staircase to the Shoals.
 11996 | Lair:2   | Reached skill level 1 in Necromancy
 12095 | Shoals:1 | Entered Level 1 of the Shoals
 12148 | Lair:2   | Reached ***** piety under Hepliaklqana
 12209 | Lair:2   | Reached skill level 10 in Long Blades
 12500 | Lair:3   | Found a labyrinth entrance.
 12515 | Lab      | Entered a labyrinth
 13051 | Lab      | Noticed a minotaur
 13099 | Lab      | Killed a minotaur
 13099 | Lab      | Reached skill level 5 in Fighting
 13105 | Lab      | Got a shimmering bronze ring
 13297 | Lair:3   | Learned a level 3 spell: Stone Arrow
 13303 | Lair:3   | Learned a level 4 spell: Summon Lightning Spire
 13305 | Lair:3   | Identified a +5 rod of inaccuracy (10/10) (You found it in a labyrinth)
 13324 | Lair:3   | Identified the cursed ring of Entrepreneurial Spirit {rElec rF- Str-2 Int+2} (You found it in a labyrinth)
 13382 | Lair:3   | Found a staircase to the Snake Pit.
 13424 | Lair:3   | Reached skill level 1 in Earth Magic
 14455 | Lair:4   | Noticed Kirke
 14456 | Lair:4   | Noticed a lindwurm
 14503 | Lair:4   | Noticed a lindwurm
 14572 | Lair:4   | Noticed a lindwurm
 14766 | Lair:4   | Killed Kirke
 14766 | Lair:4   | Reached skill level 8 in Spellcasting
 14861 | Lair:4   | Noticed a seven-headed hydra
 14872 | Lair:4   | Killed a seven-headed hydra
 14921 | Lair:4   | Reached ****** piety under Hepliaklqana
 14983 | Lair:4   | Reached XP level 12. HP: 94/110 MP: 24/24
 15013 | Lair:4   | Got a crystal whip
 15044 | Lair:4   | Reached skill level 9 in Spellcasting
 15801 | Lair:4   | Reached skill level 10 in Spellcasting
 16012 | Lair:5   | Noticed a death yak
 16012 | Lair:5   | Noticed a death yak
 16014 | Lair:5   | Noticed a death yak
 16015 | Lair:5   | Noticed a death yak
 16015 | Lair:5   | Noticed a death yak
 16017 | Lair:5   | Noticed a death yak
 16017 | Lair:5   | Noticed a death yak
 16035 | Lair:5   | Killed a death yak
 16040 | Lair:6   | Entered Level 6 of the Lair of Beasts
 16086 | Lair:6   | Reached skill level 11 in Spellcasting
 16296 | Lair:5   | Slain by a torpor snail

Vault maps used:
D:1:      roderic_dead_forest
D:2:      grunt_temple_overflow_open, serial_bayou_lake_a, uniq_robin
D:3:      gammafunk_temple_overflow_elements, uniq_jessica, uniq_terence
D:4:      serial_shops, shop_statue, first_bread, serial_corexii_hall,
          corexii_hall_statues_x, corexii_hall_statues_i,
          nicolae_dithmenos_shadow_blocks
D:5:      basic_altar, uniq_sigmund
D:6:      uniq_blork_the_orc
D:7:      uniq_duvessa
D:9:      vehumet_crystals, erik_lair_dragon, serial_shops, shop
Temple:   nicolae_temple_elliptical
Lair:1:   infiniplex_staircase_pool_2
Lair:2:   minmay_shoals_entry_hut, serial_bayou_shore_a, uniq_gastronok
Lair:3:   dummy_snake_entry, lab_entry_generic, grunt_megastairs_4
Lair:4:   uniq_kirke
Lair:5:   nicolae_volcano_entry_hallway
Lair:6:   minmay_lair_end_enchanted_forest, slime_dummy, st_stairs_8
Shoals:1: nicolae_island_escapes
Lab:      nicolae_lab_dead_end

Skill      XL: |  1  2  3  4  5  6  7  8  9 10 11 12 |
---------------+-------------------------------------+-----
Dodging        | 2 6 |  6.0
Conjurations   | 2 3 5 6 |  6.2
Air Magic      | 1 |  1.2
Poison Magic   | 1 |  1.1
Spellcasting   | 4 5 6 7 8 11 | 11.0
Long Blades    | 3 5 8 9 10 | 10.0
Shields        | 4 |  4.0
Fighting       | 1 4 7 |  7.1
Ice Magic      | 4 7 8 |  8.0
Summonings     | 3 |  3.0
Charms         | 2 |  2.0
Necromancy     | 1 |  1.2
Earth Magic    | 2 |  2.1
Stealth        | |  1.8
Translocations | |  1.0

Action                   |  1- 3 |  4- 6 |  7- 9 | 10-12 || total
-------------------------+-------+-------+-------+-------++-------
Melee: Unarmed           |    15 |       |       |     2 ||    17
       Short sword       |    70 |       |       |     5 ||    75
       Dagger            |     6 |       |       |       ||     6
       Tailslap          |     5 |     2 |    20 |    46 ||    73
       Spear             |       |    68 |       |       ||    68
       Long sword        |       |    15 |   216 |   426 ||   657
       Kick              |       |       |    19 |       ||    19
 Cast: Magic Dart        |    92 |   115 |    77 |    22 ||   306
       Repel Missiles    |     1 |       |     1 |       ||     2
       Mephitic Cloud    |       |     3 |    12 |    14 ||    29
       Blink             |       |       |     4 |    14 ||    18
       Regeneration      |       |       |       |    28 ||    28
       Summon Ice Beast  |       |       |       |    17 ||    17
       Stone Arrow       |       |       |       |    20 ||    20
       Summon Butterflie |       |       |       |     8 ||     8
Invok: Recall Ancestor   |       |       |     1 |     1 ||     2
       Ancestor Identity |       |       |     1 |       ||     1
       Ancestor Life: He |       |       |     1 |       ||     1
 Abil: Breathe Frost     |       |       |     1 |       ||     1
Evoke: Wand              |       |       |       |     2 ||     2
  Use: Scroll            |     3 |     5 |    10 |     6 ||    24
       Potion            |       |     7 |     7 |     1 ||    15
 Stab: Sleeping          |     2 |     1 |     3 |     8 ||    14
       Confused          |       |     2 |     4 |     7 ||    13
       Distracted        |       |       |     1 |     9 ||    10
  Eat: Chunk             |     3 |    11 |    15 |    15 ||    44
       Pizza             |       |     1 |       |       ||     1
       Fruit             |       |       |     2 |       ||     2
       Beef jerky        |       |       |       |     3 ||     3
       Bread ration      |       |       |       |     1 ||     1
Armor: Skin              |    47 |    25 |    41 |    88 ||   201
Dodge: Dodged            |    88 |    55 |    77 |   204 ||   424
       Deflected         |     1 |       |     1 |     1 ||     3
Block: Buckler           |       |       |    29 |    87 ||   116
